 Dungeon Crawl Stone Soup version 0.31-a0-801-gc67433417a (webtiles) character file.

Game seed: 10498311287533991747

30 Ijustatesigmund the Firebug (level 3, 0/30 HPs)
             Began as a Deep Elf Fire Elementalist on Sept 20, 2023.
             Succumbed to a goblin's poison
             ... on level 2 of the Dungeon.
             The game lasted 00:01:56 (1352 turns).

Ijustatesigmund the Firebug (DEFE)                  Turns: 1352, Time: 00:01:57

Health: 0/30       AC:  2    Str:  5    XL:     3   Next: 3%
Magic:  7/10       EV: 12    Int: 21    God:
Gold:   96         SH:  0    Dex: 15    Spells: 6/9 levels left

rFire   . . .        j - +0 short sword
rCold   . . .        (no shield)
rNeg    . . .        a - +0 robe
rPois   .            (no helmet)
rElec   .            (no cloak)
rCorr   .            (no gloves)
SInv    .            (no boots)
Will    .....        (no amulet) Stlth
                     (no ring)
HPRegen 0.25/turn    (no ring)
MPRegen 0.12/turn

%: no passive effects
@: berserking (expiring), lethally poisoned (0 -> -8), very quick
A: no striking features
a: no special abilities


You were on level 2 of the Dungeon.
You visited 1 branch of the dungeon, and saw 2 of its levels.

You collected 96 gold pieces.

Inventory:

Hand Weapons
 j - a +0 short sword (weapon)
Armour
 a - a +0 robe (worn)
 c - the +2 pair of gloves of the Barber Surgeon {Will+}
   (You acquired it on level 2 of the Dungeon)

   Will+:     It increases your willpower.
Scrolls
 d - a scroll of enchant weapon {unknown}
 e - a scroll of teleportation {unknown}
 h - a scroll of poison {unknown}
Potions
 b - a potion of magic
 i - a potion of cancellation {unknown}


   Skills:
 + Level 1.0 Fighting
 - Level 2.4 Dodging
 - Level 2.4 Stealth
 + Level 3.5 Spellcasting
 + Level 1.8 Conjurations
 + Level 3.6 Fire Magic


You had 6 spell levels left.
You knew the following spells:

 Your Spells              Type           Power      Damage    Failure   Level
a - Foxfire               Conj/Fire      60%        2x1d7     4%          1
b - Scorch                Fire           38%        2d6       4%          2

Your spell library contained the following spells:

 Spells                   Type           Power      Damage    Failure   Level
 Inner Flame              Hex/Fire       11%        N/A       19%         3
 Volatile Blastmotes      Fire/Tloc      22%        2d11      19%         3
 Flame Wave               Conj/Fire      15%        2d7       38%         4


Dungeon Overview and Level Annotations

Branches:
Dungeon (2/15)

Altars:

Annotations:
D:2 Robin


Message History

A goblin comes into view. It is wielding a +0 club.
The goblin closely misses you.
This is a scroll of acquirement!
Something appears at your feet! The goblin hits you but does no damage.
c - the +2 pair of gloves of the Barber Surgeon {Will+} Robin throws the goblin at you!
The goblin hits you with a +2 dagger of venom.
The goblin barely misses you.
Casting: Scorch (safe; 4% risk of failure)
Confirm with . or Enter, or press ? or * to list all spells.
You conjure some foxfire!
The goblin barely misses you. The goblin hits you with a +0 club.
The foxfire hits the goblin.
You kill the goblin!
The goblin barely misses you.
Robin roars a battlecry!
The goblins go into a battle-frenzy!
Robin throws the goblin at you! The goblin closely misses you.
The goblin attacks as it pursues you!
The goblin hits you with a +2 dagger of venom.
You are lethally poisoned!
You see here a +0 club.
It was a potion of berserk rage.
A red film seems to cover your vision as you go berserk!
You feel yourself moving faster!
You feel mighty!
You feel very sick. The goblin hits you with a +0 club.
* * * LOW HITPOINT WARNING * * *
The goblin misses you.
You feel a strong urge to attack something.
* * * LOW HITPOINT WARNING * * *
You feel sick.
Unknown command.
You are too berserk!
* * * LOW HITPOINT WARNING * * *
You feel sick.
Unknown command.
You are too berserk!
You feel your anger nearly subside.
You die...

#......# *,* ### ##.####.#
*,, ####.####.......# ***
#............##.####
#..........#.......###
#####.....)....####†......
#####...............##.##.
#####.#...#.#.......##.##.
#####....@..#######.#..##.
########.######** #.#.###.
########.##....,* #.#.###.
########g##....,*##.......
#####g.gg##...............
##.ggg#####.....####..##.#
##.ggg#####....,* #...#.#
##...##########** #.....#
###.########### #...###


You could see 3 goblins.

Vanquished Creatures
  A dart slug (D:1)
  A ball python (D:1)
  4 endoplasms
  2 giant cockroaches (D:1)
  2 goblins (D:2)
  4 hobgoblins
  2 kobolds
  A quokka (D:1)
  3 bats (D:1)
  A frilled lizard (D:1)
  3 rats
24 creatures vanquished.

Vanquished Creatures (others)
  68 foxfires
68 creatures vanquished.

Grand Total: 92 creatures vanquished

Notes
Turn   | Place    | Note
-------+----------+-------------------------------------------
     0 | D:1      | Ijustatesigmund the Deep Elf Fire Elementalist began the
                  | quest for the Orb.
     0 | D:1      | Reached XP level 1. HP: 10/10 MP: 6/6
   233 | D:1      | Reached XP level 2. HP: 16/16 MP: 5/8
   236 | D:1      | Learned a level 2 spell: Scorch
   572 | D:1      | Found a faded altar of an unknown god.
  1342 | D:2      | Noticed Robin
  1343 | D:2      | Reached skill level 1 in Fighting
  1343 | D:2      | Reached XP level 3. HP: 16/20 MP: 7/10
  1344 | D:2      | Identified a scroll of acquirement
  1344 | D:2      | Acquired the +2 pair of gloves of the Barber Surgeon
                  | {Will+}
  1352 | D:2      | Succumbed to a goblin's poison

Illustrated notes

Levels and vault maps discovered:
D:1:      co_arrival_hall_of_pillars, layout_loops_ring,
          ebering_ecumenical_altar_sacrificial, minmay_tetromino_l2
D:2:      layout_loops_cross, uniq_robin

Skill      XL: |  1  2 |
---------------+-------+-----
Fighting       | 1 |  1.0
Dodging        | |  2.4
Stealth        | |  2.4
Spellcasting   | |  3.5
Conjurations   | |  1.8
Fire Magic     | |  3.6

Action                     || total
---------------------------++-------
  Melee: Short sword       ||     1
   Cast: Foxfire           ||    44
         Scorch            ||     7
    Use: Scroll            ||     2
         Potion            ||     1
   Stab: Sleeping          ||     1
 Armour: Robe              ||    13
  Dodge: Dodged            ||    11

Table legend: (Time is in decaauts)
 A = Elapsed time spent in this place.
 B = Non-inter-level travel time spent in this place.
 C = Inter-level travel time spent in this place.
 D = Time resting spent in this place.
 E = Time spent auto-exploring this place.
 F = Levels seen in this place.
 G = Mean time per level.
                   A        B        C        D        E       F      G
               +--------+--------+--------+--------+--------+-----+--------+
         Total |   1350 |   1280 |     70 |      0 |   1126 |   2 |  675.0 |
       Dungeon |   1350 |   1280 |     70 |      0 |   1126 |   2 |  675.0 |
               +--------+--------+--------+--------+--------+-----+--------+

Top non-repeatable levels by time:
     D:1: 1155 daAuts
     D:2: 195 daAuts
